 Dungeon Crawl Stone Soup version 0.24-a0-512-g2b48af375b (webtiles) character file.

Game seed: 17761648011050895256

2677 Froggeryz the Frost Mage (level 9, -2/67 HPs)
             Began as a Demigod Ice Elementalist on July 20, 2019.
             Slain by Harold
             ... wielding a +0 flail
              (21 damage)
             ... on level 8 of the Dungeon.
             The game lasted 00:22:56 (8500 turns).

Froggeryz the Frost Mage (Demigod Ice Elementalist) Turns: 8500, Time: 00:22:57

Health: -2/67      AC:  6    Str: 15    XL:     9   Next: 15%
Magic:  8/20       EV: 12    Int: 23    God:
Gold:   387        SH:  5    Dex: 16    Spells: 15/18 levels left

rFire    + . .     SeeInvis .   x - +2 dagger (venom)
rCold    + . .     Gourm    .   p - +0 buckler
rNeg     . . .     Faith    .   a - +0 robe
rPois    .         Spirit   .   b - +0 helmet
rElec    .         Reflect  .   (no cloak)
rCorr    .         Harm     .   r - +1 pair of gloves (curse)
MR       +....                  m - +0 pair of boots
Stlth    ++........             (no amulet)
HPRegen  0.21/turn              y - ring "Enguloto" {rF+ rC+ MR+ Str+4 Int-2}
MPRegen  0.17/turn              (no ring)

@: marked
A: high mp 1
a: no special abilities


You were on level 8 of the Dungeon.
You were not hungry.

You visited 1 branch of the dungeon, and saw 9 of its levels.

You collected 387 gold pieces.

Inventory:

Hand Weapons
 f - a +2 whip of flaming
 x - a +2 dagger of venom (weapon)
Armour
 a - a +0 robe (worn)
 b - a +0 helmet (worn)
 m - a +0 pair of boots (worn)
 p - a +0 buckler (worn)
 r - a cursed +1 pair of gloves (worn)
Magical Staves
 e - an uncursed staff of earth
Jewellery
 y - the ring "Enguloto" (left hand) {rF+ rC+ MR+ Str+4 Int-2}
   (You found it on level 5 of the Dungeon)

   [ring of protection from magic]

   It affects your strength (+4).
   It affects your intelligence (-2).
   It protects you from fire.
   It protects you from cold.
   It affects your resistance to hostile enchantments.
Wands
 t - a wand of paralysis (3)
 u - a wand of digging (6)
Scrolls
 i - a scroll of enchant weapon {unknown}
 j - a scroll of amnesia {unknown}
 k - 2 scrolls of identify
 l - a scroll of random uselessness {unknown}
 v - 5 scrolls of teleportation
 w - a scroll of magic mapping
 B - 2 scrolls of remove curse {unknown}
 F - a scroll of vulnerability {unknown}
Potions
 d - a potion of cancellation
 g - 2 potions of brilliance {unknown}
 h - 3 potions of curing
 n - 2 potions of berserk rage {unknown}
 o - a potion of ambrosia {unknown}
 q - a potion of resistance {unknown}
 s - 2 potions of might {unknown}
 z - 2 potions of degeneration {unknown}
 D - a potion of mutation {unknown}
 E - a potion of flight {unknown}
Comestibles
 c - 14 rations


   Skills:
 + Level 2.0 Fighting
 - Level 1.7 Dodging
 - Level 1.7 Stealth
 - Level 5.1 Shields
 * Level 5.1 Spellcasting
 - Level 3.1 Conjurations
 - Level 8.6 Ice Magic


You had 15 spell levels left.
You knew the following spells:

 Your Spells              Type           Power        Failure   Level  Hunger
a - Freeze                Ice            ####         1%          1    None
b - Throw Frost           Conj/Ice       ####..       1%          2    None

Your spell library contained the following spells:

 Spells                   Type           Power        Failure   Level  Hunger
 Ensorcelled Hibernation  Hex/Ice        ####..       2%          2    None
 Ozocubu's Armour         Chrm/Ice       ####....     4%          3    ##.....
 Throw Icicle             Conj/Ice       ####....     9%          4    ####...
 Apportation              Tloc           #.....       10%         1    None
 Corona                   Hex            #......      10%         1    None
 Summon Butterflies       Summ           #.......     10%         1    None
 Dazzling Spray           Conj/Hex       ##....       16%         3    ##.....
 Summon Ice Beast         Ice/Summ       ####....     16%         4    ####...
 Confuse                  Hex            #.......     28%         3    ##.....
 Lesser Beckoning         Tloc           #.........   28%         3    ##.....
 Tukima's Dance           Hex            #.......     28%         3    ##.....
 Alistair's Intoxication  Tmut/Pois      #.......     95%         5    #####..
 Invisibility             Hex            #.......     100%        6    #######


Dungeon Overview and Level Annotations

Branches:
Dungeon (9/15)             Temple (0/1) D:6             Orc (0/2) D:9
   Lair: D:8-11

Shops:
D:9 [(

Annotations:
D:8 Harold


Innate Abilities, Weirdness & Mutations

You have an increased reservoir of magic. (+10% MP)


Message History

Aim: Harold, wielding a +0 flail and wearing a +0 scale mail (heavily wounded)
You freeze Harold.
Harold is heavily wounded.
Casting: Freeze (safe; 1% risk of failure)
Confirm with . or Enter, or press ? or * to list all spells.
Aiming: Freeze (safe; 1% risk of failure)
Press: ? - help, Shift-Dir - straight line, f/p - Harold
Aim: Harold, wielding a +0 flail and wearing a +0 scale mail (heavily wounded)
You freeze Harold.
Harold is heavily wounded.
Harold barely misses you.
Casting: Freeze (safe; 1% risk of failure)
Confirm with . or Enter, or press ? or * to list all spells.
Aiming: Freeze (safe; 1% risk of failure)
Press: ? - help, Shift-Dir - straight line, f/p - Harold
Aim: Harold, wielding a +0 flail and wearing a +0 scale mail (heavily wounded)
You freeze Harold.
Harold is heavily wounded.
Harold hits you with a +0 flail!!
You die...

#....# # #....#########
. #....##......#
.####....##......#
..#.......#..<...#
....#............######
...#######.....#......#
..............###.....#
...#####.....)..@@....#
...#.....###.#..##....#
.....#####
#)#..##.....# ...#####
###........##..
.).....###<...........
.
.......#........>.....
#........#.......###..
##.........(..#### .
##......######


You could see Harold.

Vanquished Creatures
  Pikel (D:6)
  A hippogriff (D:7)
  An orc warrior (D:9)
  3 ogres (D:9)
  A sky beast (D:8)
  A centaur (D:6)
  2 bullfrogs
  4 scorpions
  4 howler monkeys
  A crimson imp (D:6)
  A bullfrog zombie (D:7)
  A quasit (D:9)
  A centaur zombie (D:8)
  4 hounds
  A gnoll shaman (D:8)
  3 orc priests
  6 orc wizards
  2 iguanas
  4 worker ants
  A worker ant zombie (D:5)
  9 gnolls
  12 adders
  A shadow imp (D:7)
  An ooze (D:3)
  An adder skeleton (D:3)
  3 worms
  A dart slug (D:1)
  2 leopard geckos
  20 orcs
  A ball python (D:2)
  3 giant cockroaches
  6 goblins
  8 hobgoblins
  6 jackals
  8 kobolds
  2 quokkas
  9 bats
  6 frilled lizards
  7 rats
149 creatures vanquished.

Vanquished Creatures (others)
  Eustachio (D:6)
  2 slaves (D:6)
  A wight (D:6)
  A crimson imp (D:6)
  A hound (D:6)
  An ooze (D:2)
  An orc (D:6)
  A quokka (D:6)
  2 plants (D:8)
11 creatures vanquished.

Grand Total: 160 creatures vanquished

Notes
Turn   | Place    | Note
-------+----------+-------------------------------------------
     0 | D:1      | Froggeryz the Demigod Ice Elementalist began the quest for
                  | the Orb.
     0 | D:1      | Reached XP level 1. HP: 14/14 MP: 5/5
   139 | D:1      | Reached XP level 2. HP: 22/22 MP: 7/7
   245 | D:1      | Reached skill level 1 in Fighting
   245 | D:1      | Reached skill level 3 in Ice Magic
   533 | D:1      | Reached XP level 3. HP: 10/28 MP: 7/9
  1075 | D:2      | Learned a level 2 spell: Throw Frost
  1439 | D:2      | Found a radiant altar of Vehumet.
  1984 | D:3      | Reached XP level 4. HP: 34/36 MP: 10/10
  2791 | D:3      | Found a faded altar of an unknown god.
  2898 | D:3      | You fall into a shaft and drop 3 floors!
  2898 | D:6      | Found a staircase to the Ecumenical Temple.
  2901 | D:6      | Reached skill level 4 in Ice Magic
  2921 | D:6      | Reached XP level 5. HP: 32/41 MP: 7/12
  2986 | D:6      | Noticed a centaur
  2990 | D:6      | Noticed Pikel
  2994 | D:6      | Killed a centaur
  2994 | D:6      | Reached skill level 1 in Shields
  2996 | D:6      | Noticed a slave
  2997 | D:6      | Noticed a slave
  3004 | D:6      | Killed Pikel
  3004 | D:6      | Reached skill level 6 in Ice Magic
  3004 | D:6      | Reached XP level 6. HP: 19/48 MP: 3/13
  3004 | D:6      | Reached XP level 7. HP: 22/55 MP: 3/14
  3009 | D:6      | Noticed Eustachio
  3047 | D:6      | Killed Eustachio
  3400 | D:5      | Entered Level 5 of the Dungeon
  3656 | D:4      | Found a sacrificial altar of Ru.
  4041 | D:2      | Reached skill level 7 in Ice Magic
  4439 | D:4      | Reached XP level 8. HP: 58/61 MP: 9/15
  4771 | D:4      | Found a basalt altar of Yredelemnul.
  5194 | D:5      | Got a slimy lapis lazuli ring
  5246 | D:5      | Identified the ring "Enguloto" {rF+ rC+ MR+ Str+4 Int-2}
                  | (You found it on level 5 of the Dungeon)
  5756 | D:6      | Got an ichor-stained chain mail
  5834 | D:7      | Noticed a hippogriff
  5845 | D:7      | Killed a hippogriff
  5845 | D:7      | Reached skill level 8 in Ice Magic
  6250 | D:9      | Reached skill level 5 in Shields
  6545 | D:9      | Found a white marble altar of Elyvilon.
  6550 | D:9      | Found Sirranoe's Weapon Boutique.
  6555 | D:9      | Reached skill level 1 in Conjurations
  6708 | D:9      | Found a staircase to the Orcish Mines.
  6712 | D:9      | Found Kureah's Armour Boutique.
  6839 | D:9      | Identified the +8 chain mail of Luenorod {-Cast rCorr Str+7
                  | Slay-6} (You found it on level 6 of the Dungeon)
  7185 | D:9      | Noticed a hippogriff
  7185 | D:9      | Noticed a hippogriff
  7219 | D:8      | Reached XP level 9. HP: 65/67 MP: 8/19
  8465 | D:8      | Reached skill level 5 in Spellcasting
  8483 | D:8      | Noticed Harold
  8500 | D:8      | Slain by Harold

Levels and vault maps discovered:
D:1:      dpeg_arrival_pond, layout_basic, kennysheep_boxes
D:2:      layout_basic, fiery_altar_vehumet
D:3:      kb_forest_paths, layout_loops_ring,
          chequers_ecumenical_altar_simple_redux
D:4:      layout_layer_cave, nicolae_ru_great_annihilating_truth,
          yredelemnul_altar_generic, nrook_loot_triangle
D:5:      layout_loops_ring, first_ration
D:6:      layout_rooms, minmay_temple_entry_arrows, uniq_prince_ribbit1,
          uniq_pikel, uniq_eustachio
D:7:      layout_cave_pods
D:8:      layout_rooms, hangedman_little_slice_of_home, nicolae_water_bricks,
          nicolae_looking_at_the_future, uniq_harold
D:9:      layout_layer_cave, lemuel_crystal_altar, orc_david_3

Skill      XL: |  1  2  3  4  5  6  7  8  9 |
---------------+----------------------------+-----
Spellcasting   | 2 3 4 5 |  5.1
Fighting       | 1 2 |  2.0
Ice Magic      | 3 4 6 7 8 |  8.6
Shields        | 3 4 5 |  5.1
Conjurations   | 2 3 |  3.1
Dodging        | |  1.7
Stealth        | |  1.7

Action                   |  1- 3 |  4- 6 |  7- 9 || total
-------------------------+-------+-------+-------++-------
Melee: Dagger            |   112 |    59 |   215 ||   386
       Unarmed           |     4 |       |       ||     4
       Mace              |     2 |       |       ||     2
       Whip              |       |       |    32 ||    32
 Cast: Freeze            |     6 |    14 |   144 ||   164
       Throw Frost       |       |     3 |    24 ||    27
Evoke: Wand              |       |       |     1 ||     1
  Use: Scroll            |     1 |     2 |     6 ||     9
       Potion            |       |     1 |     2 ||     3
 Stab: Sleeping          |     7 |     4 |     5 ||    16
       Distracted        |       |     1 |     1 ||     2
       Paralysed         |       |       |     1 ||     1
  Eat: Chunk             |     3 |     3 |    19 ||    25
Armor: Robe              |    32 |    21 |    65 ||   118
Dodge: Dodged            |    74 |    35 |   194 ||   303
Block: Buckler           |       |     2 |    99 ||   101

Table legend:
 A = Non-vault XP
 B = Vault XP
 C = Vault XP percentage of total XP
 D = Non-vault monster count
 E = Vault monster count
 F = Vault count percentage of total count
                 A         B        C        D         E       F
            +---------+---------+-------+---------+---------+-------
      Total |    3079 |     746 |  19.5 |     135 |      15 |  10.0
            +---------+---------+-------+---------+---------+-------
        D:1 |      62 |       0 |   0.0 |      28 |       0 |   0.0
        D:2 |     135 |       0 |   0.0 |      15 |       0 |   0.0
        D:3 |      59 |      26 |  30.6 |      17 |       6 |  26.1
        D:4 |     423 |      45 |   9.6 |      22 |       4 |  15.4
        D:5 |     201 |       0 |   0.0 |       9 |       0 |   0.0
        D:6 |     309 |     663 |  68.2 |       5 |       1 |  16.7
        D:7 |     518 |       0 |   0.0 |      12 |       0 |   0.0
        D:8 |     495 |       0 |   0.0 |      12 |       0 |   0.0
        D:9 |     877 |      12 |   1.3 |      15 |       4 |  21.1
            +---------+---------+-------+---------+---------+-------
